 Dungeon Crawl Stone Soup version 0.26.1-11-gd32895ea62 (webtiles) character file.

Game seed: 2965229854299723475

3563 ubername the Frost Mage (level 10, -5/68 HPs)
             Began as a Barachi Ice Elementalist on July 22, 2021.
             Slain by a two-headed ogre
             ... wielding a cursed -1 giant spiked club
              (22 damage)
             ... on level 9 of the Dungeon.
             The game lasted 00:34:59 (12120 turns).

ubername the Frost Mage (Barachi Ice Elementalist) Turns: 12120, Time: 00:35:00

Health: -5/68      AC: 16    Str: 14    XL:     10   Next: 9%
Magic:  11/21      EV: 12    Int: 19    God:
Gold:   271        SH:  0    Dex: 14    Spells: 11/23 levels left

rFire    + . .     SeeInvis .   c - +2 dagger "Lobilob" {freeze, rN+ Dex+2}
rCold    + . .     Faith    .   (no shield)
rNeg     + . .     Spirit   .   i - +2 ring mail of Duevoruc {Str+4}
rPois    +         Reflect  .   C - +0 helmet
rElec    .         Harm     .   K - scarf {rC+ rF+}
rCorr    .         Rampage  .   d - +1 pair of gloves
Will     .....                  u - +0 pair of boots
Stlth    +.........             w - amulet of the acrobat
HPRegen  0.21/turn              l - ring of poison resistance
MPRegen  0.17/turn              (no ring)

@: icy armour, about to teleport, slow
A: +LOS, swims, slowness 1, strong legs 1
a: Hop


You were on level 9 of the Dungeon.
You visited 2 branches of the dungeon, and saw 11 of its levels.

You collected 392 gold pieces.
You spent 121 gold pieces at shops.

Inventory:

Hand Weapons
 a - a +0 rapier
 b - a +0 hunting sling
 c - the +2 dagger "Lobilob" (weapon) {freeze, rN+ Dex+2}
   (You found it on level 8 of the Dungeon)

   It has been specially enchanted to freeze those struck by it, causing extra
   injury to most foes and up to half again as much damage against particularly
   susceptible opponents.
   It can also slow down cold-blooded creatures.
   It affects your dexterity (+2).
   It protects you from negative energy.
Missiles
 e - 4 curare-tipped darts (quivered)
 f - 13 poisoned darts
 g - 8 datura-tipped darts
 m - 4 javelins
 o - 99 sling bullets
Armour
 d - a +1 pair of gloves (worn)
 h - a +0 robe
 i - the +2 ring mail of Duevoruc (worn) {Str+4}
   (You found it on level 9 of the Dungeon)

   It affects your strength (+4).
 u - a +0 pair of boots (worn)
 C - a +0 helmet (worn)
 K - a scarf of resistance (worn)
Jewellery
 l - a ring of poison resistance (left hand)
 w - an amulet of the acrobat (around neck)
Wands
 v - a wand of paralysis (11)
 z - a wand of flame (17)
 E - a wand of digging (3)
 H - a wand of acid (18)
Scrolls
 j - 2 scrolls of teleportation
 n - a scroll of immolation
 r - 6 scrolls of remove curse
 s - a scroll of enchant weapon
 x - 2 scrolls of amnesia
 A - a scroll of fear
 J - 2 scrolls of fog
Potions
 k - 2 potions of haste
 p - a potion of ambrosia
 q - 3 potions of brilliance
 D - 2 potions of curing


   Skills:
 + Level 2.6 Fighting
 + Level 2.1 Short Blades
 + Level 5.2(5.6) Slings
 + Level 3.0(4.5) Throwing
 + Level 4.2 Dodging
 + Level 2.4 Stealth
 * Level 7.4 Spellcasting
 + Level 0.1 Conjurations
 * Level 5.5 Hexes
 * Level 10.0 Ice Magic
 + Level 0.5 Evocations


You had 11 spell levels left.
You knew the following spells:

 Your Spells              Type           Power        Failure   Level
a - Freeze                Ice            100%         1%          1
b - Frozen Ramparts       Ice            90%          1%          3
c - Ozocubu's Armour      Ice            45%          1%          3
d - Dazzling Flash        Conj/Hex       34%          19%         3
e - Searing Ray           Conj           14%          28%         2

Your spell library contained the following spells:

 Spells                   Type           Power        Failure   Level
 Corona                   Hex            31%          1%          1
 Ensorcelled Hibernation  Hex/Ice        72%          1%          2
 Confusing Touch          Hex            28%          6%          3
 Tukima's Dance           Hex            28%          6%          3
 Magic Dart               Conj           28%          19%         1
 Hailstorm                Conj/Ice       26%          24%         4
 Summon Ice Beast         Ice/Summ       26%          26%         4
 Fulminant Prism          Conj/Hex       8%           52%         4
 Iskenderun's Mystic Bla  Conj/Tloc      7%           88%         4


Dungeon Overview and Level Annotations

Branches:
Dungeon (10/15)            Temple (1/1) D:5            Lair (0/6) D:10
    Orc: D:9-12

Altars:
Ashenzari
Cheibriados
Dithmenos
Elyvilon
Fedhas
Gozag
Kikubaaqudgha
Makhleb
Nemelex Xobeh
Okawaru
Qazlal
Ru
Sif Muna
Trog
Uskayaw
Wu Jian
Xom
Yredelemnul
Zin

Shops:
D:5 }


Innate Abilities, Weirdness & Mutations

You can be seen from farther away. (+LOS)
You can swim through water.
You cover ground slowly.
You can hop short distances.


Message History

As you read the scroll of teleportation, it crumbles to dust.
You feel strangely unstable.
The orc shouts!
You hear a shout!
The two-headed ogre barely misses you.
The two-headed ogre hits you with a +0 giant spiked club!
* * * LOW HITPOINT WARNING * * *
You feel much better.
You hit the two-headed ogre. You freeze the two-headed ogre.
The two-headed ogre is heavily wounded.
You kill the electric eel!
The orc completely misses you.
The two-headed ogre hits you with a cursed -1 giant spiked club!
* * * LOW HITPOINT WARNING * * *
The two-headed ogre hits you but does no damage.
You hit the two-headed ogre but do no damage.
The two-headed ogre is heavily wounded.
The orc closely misses you.
The two-headed ogre hits you but does no damage.
The two-headed ogre hits you with a +0 giant spiked club!!
You die...

#†###
#.....#
#.#
#.....#
#..
##.....#
<.......
#......#
......#.
##......#
........
#.......#
.....##.
#.......#
....##
#.......#
..#..#
#@.##.###
.......
#oO##.#
≈;≈≈≈≈≈
.Z.##.#
....# .#
≈.#..#
(≈(#..#
#≈≈o#!.#
(.. ####
##≈≈


You could see a two-headed ogre, 2 orcs and a wyvern zombie.

Vanquished Creatures
  A manticore (D:7)
  A gargoyle (D:10)
  A basilisk (D:10)
  An ice beast (D:5)
  2 sky beasts
  An orc warrior (D:9)
  2 phantoms
  A necrophage (D:6)
  3 ogres
  6 centaurs
  Blork the orc (D:4)
  A big kobold (D:8)
  3 bullfrogs
  2 scorpions (D:8)
  An electric eel (D:9)
  4 howler monkeys
  A centaur zombie (D:8)
  An orc priest (D:9)
  3 hounds
  A jelly (D:5)
  5 orc wizards
  A bullfrog skeleton (D:8)
  3 worker ants
  3 iguanas
  A worker ant zombie (D:5)
  8 gnolls
  6 adders
  A shadow imp (D:7)
  A white imp (D:8)
  2 ufetubi
  An ooze (D:2)
  An adder skeleton (D:9)
  3 worms
  3 dart slugs
  6 leopard geckos
  12 orcs
  4 giant cockroaches
  5 goblins
  13 hobgoblins
  11 jackals
  10 kobolds
  2 quokkas
  10 bats
  2 frilled lizards
  2 quokka skeletons
  10 rats
163 creatures vanquished.

Vanquished Creatures (others)
  An orc (D:4)
  A quokka (D:4)
  12 plants
14 creatures vanquished.

Grand Total: 177 creatures vanquished

Notes
Turn   | Place    | Note
-------+----------+-------------------------------------------
     0 | D:1      | ubername the Barachi Ice Elementalist began the quest for
                  | the Orb.
     0 | D:1      | Reached XP level 1. HP: 13/13 MP: 3/3
   439 | D:1      | Reached skill level 5 in Ice Magic
   555 | D:1      | Reached XP level 2. HP: 11/19 MP: 0/5
  1359 | D:1      | Reached XP level 3. HP: 24/24 MP: 6/6
  1466 | D:1      | Learned a level 3 spell: Frozen Ramparts
  1581 | D:2      | Reached skill level 1 in Slings
  1594 | D:2      | Reached XP level 4. HP: 14/31 MP: 0/7
  2006 | D:2      | Learned a level 3 spell: Ozocubu's Armour
  2141 | D:2      | Noticed a moth of wrath
  2143 | D:2      | Found a bloodstained altar of Trog.
  2486 | D:2      | HP: 1/31 [worm (17)]
  3248 | D:3      | Reached XP level 5. HP: 36/36 MP: 9/9
  3285 | D:3      | Found a sacrificial altar of Ru.
  3994 | D:2      | Reached skill level 1 in Fighting
  4526 | D:4      | Found a shadowy altar of Dithmenos.
  4601 | D:4      | Noticed Blork the orc
  4634 | D:4      | Reached skill level 1 in Hexes
  4634 | D:4      | Reached XP level 6. HP: 29/43 MP: 6/10
  4745 | D:4      | Killed Blork the orc
  4746 | D:4      | Reached skill level 6 in Ice Magic
  4878 | D:4      | Noticed a phantom
  4958 | D:4      | Killed a phantom
  4959 | D:4      | Reached XP level 7. HP: 44/48 MP: 12/12
  4988 | D:4      | Found a white marble altar of Elyvilon.
  5027 | D:4      | Found an ancient bone altar of Kikubaaqudgha.
  5107 | D:4      | You fall into a shaft and drop 2 floors!
  5118 | D:6      | Reached skill level 1 in Throwing
  5176 | D:5      | Entered Level 5 of the Dungeon
  5648 | D:5      | Found Ownuosue's Gadget Shop.
  5655 | D:5      | Bought a wand of flame (20) for 121 gold pieces
  6069 | D:5      | Found a staircase to the Ecumenical Temple.
  6113 | Temple   | Entered the Ecumenical Temple
  6444 | D:5      | Reached XP level 8. HP: 16/55 MP: 1/14
  6729 | D:5      | Reached skill level 7 in Ice Magic
  7120 | D:5      | Reached skill level 5 in Spellcasting
  7494 | D:6      | Reached skill level 1 in Short Blades
  7914 | D:6      | Found an iron altar of Okawaru.
  8339 | D:7      | Noticed a manticore
  8549 | D:7      | Killed a manticore
  8550 | D:7      | Reached skill level 8 in Ice Magic
  8550 | D:7      | Reached XP level 9. HP: 18/61 MP: 12/18
  8976 | D:7      | You fall into a shaft and drop 3 floors!
  8976 | D:10     | Entered Level 10 of the Dungeon
  9096 | D:10     | Found a staircase to the Lair.
  9096 | D:10     | Noticed an elephant
  9125 | D:10     | Noticed a gargoyle
  9130 | D:10     | Killed a gargoyle
  9131 | D:10     | Reached skill level 5 in Hexes
  9615 | D:9      | Found a shadowy altar of Dithmenos.
  9962 | D:8      | Reached skill level 5 in Slings
 10195 | D:8      | Reached skill level 9 in Ice Magic
 10554 | D:8      | Learned a level 3 spell: Dazzling Flash
 10737 | D:8      | Learned a level 2 spell: Searing Ray
 11235 | D:8      | Reached XP level 10. HP: 68/68 MP: 16/20
 11521 | D:8      | Got a fine dagger
 11526 | D:8      | Identified the +2 dagger "Lobilob" {freeze, rN+ Dex+2} (You
                  | found it on level 8 of the Dungeon)
 12047 | D:9      | Got a bloodstained ring mail
 12064 | D:9      | Identified the +2 ring mail of Duevoruc {Str+4} (You found
                  | it on level 9 of the Dungeon)
 12103 | D:9      | Noticed a two-headed ogre
 12110 | D:9      | Reached skill level 10 in Ice Magic
 12120 | D:9      | Slain by a two-headed ogre

Illustrated notes

Levels and vault maps discovered:
D:1:      co_arrival_hexagon_in_a_hexagon, layout_rooms
D:2:      layout_basic, tgw_trog
D:3:      layout_loops_ring, nicolae_ru_great_annihilating_truth
D:4:      layout_rooms, kiku_gazebo_pond_becter, lemuel_crystal_altar,
          serial_bayou, serial_bayou_pond_a, serial_bayou_pond_e,
          serial_bayou_ford_a, serial_bayou_pond_e, elyvilon_altar_4,
          uniq_blork_the_orc
D:5:      layout_gridville, minmay_temple_entry_water_ring, serial_bayou,
          serial_bayou_pond_e, serial_bayou_pond_e, serial_bayou_lake_a,
          serial_bayou_crossing, serial_bayou_pond_c, serial_shops,
          nicolae_shop_statue_plus
D:6:      layout_gridville, lemuel_coloured_pillars_altar, minivault_19,
          lightli_corner_chamber
D:7:      layout_loops_ring, nicolae_overflow_hidden_temple
D:8:      layout_basic
D:9:      layout_rooms, gammafunk_temple_overflow_pools, erik_orc_2,
          serial_aquarium, aquarium_bridge_square [aquarium_subvault_bridge,
          aquarium_subvault_window, aquarium_subvault_wall,
          aquarium_subvault_wall], aquarium_bridge_square
          [aquarium_subvault_bridge, aquarium_subvault_wall,
          aquarium_subvault_bridge, aquarium_subvault_bridge],
          aquarium_window_2, aquarium_window_fake, aquarium_window_3,
          aquarium_window_2, aquarium_view_2g, aquarium_view_2d,
          grunt_decor_arrowhead, nicolae_dithmenos_through_a_glass_darkly
D:10:     layout_basic, david_lair_generic, hex_intersection
Temple:   eino_temple_rhombus

Skill      XL: |  1  2  3  4  5  6  7  8  9 10 |
---------------+-------------------------------+-----
Ice Magic      | 5 6 8 9 10 | 10.0
Slings         | 2 3 4 5 |  5.2
Stealth        | 2 |  2.4
Spellcasting   | 3 4 6 7 |  7.4
Fighting       | 1 2 |  2.6
Hexes          | 1 2 3 4 5 |  5.5
Throwing       | 2 3 |  3.0
Dodging        | 3 4 |  4.2
Short Blades   | 1 2 |  2.1
Conjurations   | |  0.1
Evocations     | |  0.5

Action                   |  1- 3 |  4- 6 |  7- 9 | 10-12 || total
-------------------------+-------+-------+-------+-------++-------
Melee: Club              |     3 |       |       |       ||     3
       Unarmed           |     1 |       |       |       ||     1
       Dagger            |     2 |     6 |       |    10 ||    18
       Short sword       |       |    17 |       |       ||    17
       Rapier            |       |       |   146 |       ||   146
 Fire: Hunting sling     |    43 |    96 |   107 |       ||   246
Throw: Dart              |       |    12 |    37 |     7 ||    56
       Javelin           |       |     8 |    10 |       ||    18
       Stone             |       |     2 |     1 |       ||     3
 Cast: Freeze            |    17 |    23 |    15 |       ||    55
       Frozen Ramparts   |     2 |    14 |    29 |     1 ||    46
       Ozocubu's Armour  |       |     5 |    30 |     1 ||    36
       Searing Ray       |       |       |     4 |     1 ||     5
       Dazzling Flash    |       |       |     3 |       ||     3
 Abil: Hop               |     2 |     1 |     8 |       ||    11
Evoke: Wand              |       |       |     9 |       ||     9
  Use: Potion            |       |     2 |     2 |     2 ||     6
       Scroll            |       |     1 |    14 |     2 ||    17
 Stab: Sleeping          |       |       |     2 |       ||     2
Armor: Robe              |     3 |    12 |    67 |       ||    82
       Ring mail         |       |       |       |     2 ||     2
Dodge: Dodged            |    13 |    25 |   162 |    16 ||   216
